 Dungeon Crawl Stone Soup version 0.22.0-16-gc6d26f6 (webtiles) character file.

453 Gearfox the Chopper (level 6, -2/56 HPs)
             Began as a Minotaur Berserker on Aug 17, 2018.
             Was a Priest of Trog.
             Slain by a gnoll shaman
             ... wielding a +2 whip of flaming
              (10 damage)
             ... on level 5 of the Dungeon.
             The game lasted 00:22:23 (3676 turns).

Gearfox the Chopper (Minotaur Berserker)            Turns: 3676, Time: 00:22:24

Health: -2/56      AC:  7    Str: 23    XL:     6   Next: 75%
Magic:  5/5        EV:  8    Int:  4    God:    Trog [***...]
Gold:   214        SH:  7    Dex: 10    Spells: 5/5 levels left

rFire    + . .     SeeInvis .   u - +3 hand axe (freeze)
rCold    + . .     Gourm    .   C - +0 shield
rNeg     . . .     Faith    .   p - +0 scale mail
rPois    .         Spirit   .   (helmet restricted)
rElec    .         Reflect  .   j - scarf {rC+ rF+}
rCorr    .         Harm     .   (no gloves)
MR       .....                  (no boots)
Stlth    ..........             (no amulet)
HPRegen  0.18/turn              (no ring)
MPRegen  0.09/turn              (no ring)

@: no status effects
A: retaliatory headbutt, horns 2
a: Berserk, Trog's Hand, Renounce Religion


You were on level 5 of the Dungeon.
You worshipped Trog.
Trog was most pleased with you.
You were not hungry.

You visited 1 branch of the dungeon, and saw 5 of its levels.

You collected 214 gold pieces.

Inventory:

Hand Weapons
 a - a +0 hand axe
 l - a +0 dagger of holy wrath
 s - a +0 war axe
 u - a +3 hand axe of freezing (weapon)
 A - a +0 club
Armour
 b - a +0 animal skin
 d - a scarf of cloud immunity
 e - a +0 ring mail
 j - a scarf of resistance (worn)
 n - a +1 cloak of poison resistance
 p - a +0 scale mail (worn)
 y - a +0 cloak
 C - a +0 shield (worn)
Jewellery
 m - a cursed ring of attention
Scrolls
 h - a scroll of fear {unknown}
 o - a scroll of teleportation
 q - a scroll of remove curse
 r - a scroll of identify
Potions
 f - a potion of magic {unknown}
 g - a potion of mutation {unknown}
 i - a potion of brilliance {unknown}
 k - a potion of agility {unknown}
 t - a potion of heal wounds {unknown}
 v - a potion of curing {unknown}
 z - a potion of invisibility {unknown}
Comestibles
 c - 4 rations


   Skills:
 + Level 5.2 Fighting
 * Level 7.3 Axes
 + Level 3.9 Armour
 + Level 3.0 Dodging
 + Level 0.5 Stealth
 + Level 0.2 Shields


You had 5 spell levels left.
You didn't know any spells.
Your spell library was empty.

Dungeon Overview and Level Annotations

Branches:
Dungeon (5/15)
 Temple: D:4-7

Altars:
Ashenzari
Elyvilon
Hepliaklqana
Okawaru
Yredelemnul


Innate Abilities, Weirdness & Mutations

You reflexively headbutt those who attack you in melee.
You have a pair of horns on your head.


Message History

You see here 2 stones.
Items here: $ )))) ? [[ ††
Things that are here:
a hand axe; 8 stones Your extra speed is starting to run out.
Found a ration.
You feel yourself slow down.
The gnoll shaman mumbles some strange prayers to its god against you.
You resist with some effort.
You see here a wand of iceblast (6).
The gnoll misses you. You furiously retaliate!
You headbutt the gnoll, but do no damage.
You slash the gnoll! You freeze the gnoll.
You kill the gnoll!
Trog accepts your kill.
The gnoll throws a stone.
You block the stone.
You hit the gnoll shaman. You freeze the gnoll shaman.
The gnoll shaman is lightly wounded.
The gnoll shaman hits you with a whip of flaming!
You die...

####...... ..##......
# #.##...... ##.
#......... #..
##.........
#.########.)###g....
###...<#.....###..Z...
#%....g...........)))#
#../.@gZ.g...####<).)#
#...........g####)g..#
##.........g))(.Zg...#
##.........#####g...#
##...#...## #....#
######### #....#
#....# ######


You could see a gnoll shaman, 4 gnolls and a howler monkey zombie.

Vanquished Creatures
  An ogre (D:3)
  A scorpion (D:5)
  A howler monkey (D:4)
  Crazy Yiuf (D:2)
  An orc priest (D:5)
  2 orc wizards (D:5)
  A worker ant (D:5)
  A gnoll (D:5)
  2 adders
  A shadow imp (D:5)
  2 worms
  A dart slug (D:1)
  2 leopard geckos
  25 orcs
  5 bats
  2 giant cockroaches
  4 goblins
  7 hobgoblins
  3 kobolds
  A quokka (D:3)
  A ball python (D:1)
  A frilled lizard (D:1)
  9 rats
  5 plants (D:1)
80 creatures vanquished.

Vanquished Creatures (others)
  A plant (D:1)
1 creature vanquished.

Grand Total: 81 creatures vanquished

Notes
Turn   | Place    | Note
-------+----------+-------------------------------------------
     0 | D:1      | Gearfox the Minotaur Berserker began the quest for the Orb.
     0 | D:1      | Reached XP level 1. HP: 19/19 MP: 0/0
   364 | D:1      | Found a shattered altar of Ashenzari.
   385 | D:1      | Reached XP level 2. HP: 20/27 MP: 1/1
   760 | D:1      | Reached skill level 4 in Axes
  1269 | D:2      | Reached XP level 3. HP: 27/33 MP: 2/2
  1381 | D:2      | Found a runed door.
  1395 | D:2      | Noticed Crazy Yiuf
  1399 | D:2      | Killed Crazy Yiuf
  1426 | D:2      | Reached ** piety under Trog
  1746 | D:2      | Found an iron altar of Okawaru.
  1748 | D:2      | Found a basalt altar of Yredelemnul.
  2085 | D:3      | Reached XP level 4. HP: 37/41 MP: 3/3
  2132 | D:3      | Reached skill level 5 in Axes
  2167 | D:3      | Found a hazy altar of Hepliaklqana.
  2294 | D:3      | Noticed an ogre
  2300 | D:3      | Killed an ogre
  2300 | D:3      | Reached XP level 5. HP: 32/47 MP: 4/4
  2679 | D:3      | Found an iron altar of Okawaru.
  2966 | D:4      | Found a white marble altar of Elyvilon.
  3154 | D:4      | Reached skill level 6 in Axes
  3452 | D:5      | Entered Level 5 of the Dungeon
  3527 | D:5      | Reached skill level 5 in Fighting
  3527 | D:5      | Reached XP level 6. HP: 56/56 MP: 5/5
  3590 | D:5      | Reached skill level 7 in Axes
  3604 | D:5      | HP: 2/56 [orc priest/enchanted mace (2)]
  3625 | D:5      | Reached *** piety under Trog
  3676 | D:5      | Slain by a gnoll shaman

Skill      XL: |  1  2  3  4  5  6 |
---------------+-------------------+-----
Fighting       | 4 5 |  5.2
Axes           | 4 5 6 7 |  7.3
Armour         | 3 |  3.9
Dodging        | 3 |  3.0
Stealth        | |  0.5
Shields        | |  0.2

Action                   |  1- 3 |  4- 6 || total
-------------------------+-------+-------++-------
Melee: Hand axe          |   265 |    98 ||   363
       Headbutt          |    62 |    15 ||    77
       War axe           |       |    10 ||    10
Invok: Berserk           |     1 |     2 ||     3
  Use: Scroll            |     4 |     6 ||    10
       Potion            |       |     1 ||     1
  Eat: Ration            |     2 |     2 ||     4
       Chunk             |     1 |       ||     1
Armor: Animal skin       |     5 |       ||     5
       Ring mail         |    14 |     9 ||    23
       Scale mail        |       |    23 ||    23
Dodge: Dodged            |    44 |    55 ||    99
Block: Shield            |       |    28 ||    28
